 Dungeon Crawl Stone Soup version 0.17-a0-1798-g879a7aa (webtiles) character file.

6482 METASAKKE the Basher (level 11, -7/109 HPs)
             Began as a Gargoyle Berserker on Sept 10, 2015.
             Was an Elder of Trog.
             Mangled by a blink frog (9 damage)
             ... on level 2 of the Lair of Beasts.
             The game lasted 00:34:54 (8858 turns).

METASAKKE the Basher (Gargoyle Berserker)           Turns: 8858, Time: 00:34:54

Health: -7/109     AC: 29    Str: 26    XL:     11   Next: 0%
Magic:  11/11      EV:  4    Int: 11    God:    Trog [****..]
Gold:   472        SH:  7    Dex:  9    Spells: 0 memorised, 10 levels left

rFire  . . .     SeeInvis .     V - +0 flail (protect)
rCold  . . .     Rnd*Rage +     Q - +0 plate armour
rNeg   + . .     SustAt   .     q - +0 shield
rPois  ∞         Gourm    .     J - +0 helmet
rElec  +         Spirit   .     w - +0 cloak
rCorr  .         Warding  .     I - +2 pair of gloves
rMut   .         Stasis   .     d - +0 pair of boots
MR     +++..                    (no amulet)
Stlth  ..........               b - ring of protection from magic
                                y - ring of flight

@: berserking (expiring), regenerating, very quick, extremely resistant to
hostile enchantments, extremely unstealthy
A: berserk 1, negative energy resistance 1, electricity resistance, unbreathing,
petrification resistance, rot immunity, AC +7
a: Burn Spellbooks, Berserk, Trog's Hand, Brothers in Arms, Renounce Religion,
Evoke Flight


You were on level 2 of the Lair of Beasts.
You worshipped Trog.
Trog was greatly pleased with you.
You were very hungry.

You visited 2 branches of the dungeon, and saw 12 of its levels.

You collected 628 gold pieces.
You spent 156 gold pieces at shops.

Inventory:

Hand weapons
 B - a +1 flail of freezing
 V - a +0 flail of protection (weapon)
Armour
 d - a +0 pair of boots (worn)
 q - a +0 shield (worn)
 w - a +0 cloak (worn)
 I - a +2 pair of gloves (worn)
 J - a +0 helmet (worn)
 M - a +2 scale mail of magic resistance
 Q - a +0 plate armour (worn)
Jewellery
 b - a ring of protection from magic (right hand)
 y - a ring of flight (left hand)
Magical devices
 N - a wand of frost (16)
 R - a wand of digging (17)
 S - a wand of frost (25)
Scrolls
 e - a scroll of blinking
 f - 2 scrolls of fog {unknown}
 i - 2 scrolls of teleportation
 k - a scroll of recharging {unknown}
 l - a scroll of random uselessness {unknown}
 m - 2 scrolls of enchant armour {unknown}
 r - 2 scrolls of enchant weapon {unknown}
 t - 4 scrolls of remove curse
 u - a scroll of immolation {unknown}
 A - 2 scrolls of magic mapping {unknown}
 K - 3 scrolls of identify
 L - a scroll of brand weapon {unknown}
 O - a scroll of amnesia {unknown}
 U - a scroll of torment {unknown}
Potions
 a - 3 potions of poison {unknown}
 g - 2 potions of lignification {unknown}
 h - 3 potions of curing
 j - 3 potions of might {unknown}
 n - 4 potions of brilliance
 o - a potion of ambrosia {unknown}
 p - a potion of resistance {unknown}
 z - a potion of invisibility
 D - a potion of agility {unknown}
 E - 2 potions of flight {unknown}
 F - 3 potions of berserk rage {unknown}
 G - 5 potions of haste
 H - a potion of cancellation {unknown}
 P - 3 potions of heal wounds {unknown}
Miscellaneous
 T - a stone of tremors
Comestibles
 c - 7 bread rations
 s - 5 meat rations
 v - a royal jelly
 x - 16 fruits
 C - a beef jerky
 W - 6 chunks of flesh


   Skills:
 + Level 10.6 Fighting
 * Level 13.3 Maces & Flails
 - Level 2.1 Armour
 - Level 1.5 Dodging


You had 10 spell levels left.
You didn't know any spells.

Dungeon Overview and Level Annotations

Branches:
Dungeon (10/15)            Temple (0/1) D:5            Lair (2/8) D:9
    Orc: D:9-12

Altars:
Ashenzari
Elyvilon
Fedhas
Gozag
Makhleb
Okawaru
Ru
Sif Muna
Vehumet
Xom
The Shining One

Shops:
D:5 *   D:6 !

Annotations:
D:8 Erolcha, Prince Ribbit


Innate Abilities, Weirdness & Mutations

You are resistant to torment.
Your stone body is resilient (AC +7).
You are immune to poison.
You resist negative energy.
You are resistant to electric shocks.
You can survive without breathing.
You are immune to petrification.
You are immune to rotting.
You tend to lose your temper in combat.


Message History

The blink frog is heavily wounded.
The blink frog hits you.
* * * LOW HITPOINT WARNING * * *
The blink frog blinks!
You thump the blink frog!
You kill the blink frog!
Trog accepts your kill.
You have reached level 11!
The blink frog blinks!
You miss the blink frog.
The blink frog is severely wounded.
The blink frog blinks!
You sock the blink frog!
The blink frog is almost dead.
The blink frog hits you!
* * * LOW HITPOINT WARNING * * *
The blink frog momentarily phases out as your attack passes through it.
The blink frog is almost dead.
You block the blink frog's attack. The blink frog hits you!
You die...

.................. ......
#................. .F.....
.................. .......
#.....P.# #.....#########...#...
#...#...## #....##......#.......
...[###+P####....##..............
#.....+....##....##......P§..P...
...........##..F..†....§+.....F..
#.....+...##P...@##.....##.......
....###P.####...F###.##.# ....##P
....# ##.####P...###....P........
.....##...##P....................
>................................
###.####P#.#####..#.#########P##.
# ## ##### ###### ##


You could see 2 blink frogs.

Vanquished Creatures
  Psyche (D:9)
  5 spiny frogs
  A komodo dragon (Lair:2)
  A blink frog (Lair:2)
  3 hippogriffs
  4 orc warriors
  3 water moccasins
  A necrophage (D:7)
  3 sky beasts
  An ice beast (D:6)
  2 porcupines
  2 centaurs
  3 phantoms
  2 crocodiles
  An ogre (D:7)
  A big kobold (D:7)
  Blork the orc (D:5)
  A gnoll sergeant (D:5)
  5 giant frogs
  A water moccasin zombie (D:5)
  An electric eel (Lair:1)
  5 wights
  7 crimson imps
  2 hounds
  2 orc priests
  Crazy Yiuf (D:2)
  A giant frog skeleton (D:7)
  A jelly (D:7)
  4 worker ants
  Natasha (thrice) (D:3)
  A centaur skeleton (D:9)
  3 iguanas
  6 orc wizards
  A killer bee zombie (D:6)
  A hound skeleton (D:6)
  3 gnolls (D:5)
  2 worker ant zombies
  9 river rats (Lair:1)
  An adder (D:2)
  A shadow imp (D:5)
  2 adder zombies (D:7)
  An adder skeleton (D:4)
  6 giant geckos
  31 orcs
  A ball python (D:3)
  8 giant cockroaches
  11 hobgoblins
  5 jackals
  5 quokkas
  6 bats
  A giant gecko skeleton (D:5)
  5 giant newts
  8 goblins
  9 kobolds
  A quokka skeleton (D:4)
  A quokka zombie (D:6)
  4 rats
  A fungus (D:3)
203 creatures vanquished.

Notes
Turn   | Place    | Note
--------------------------------------------------------------
     0 | D:1      | METASAKKE the Gargoyle Berserker began the quest for the Orb.
     0 | D:1      | Reached XP level 1. HP: 14/14 MP: 1/1
   423 | D:1      | Reached XP level 2. HP: 16/19 MP: 2/2
   817 | D:2      | Acquired Trog's second power
   833 | D:2      | Reached XP level 3. HP: 18/23 MP: 3/3
   876 | D:2      | Found a shimmering altar of Xom.
   977 | D:2      | Found a faded altar to an unknown god.
  1098 | D:2      | Reached skill level 4 in Maces & Flails
  1374 | D:2      | Noticed Crazy Yiuf
  1382 | D:2      | Killed Crazy Yiuf
  1382 | D:2      | Reached XP level 4. HP: 29/29 MP: 4/4
  1510 | D:2      | Found a glowing golden altar of the Shining One.
  1716 | D:3      | Found a sacrificial altar of Ru.
  1720 | D:3      | Noticed Natasha
  1736 | D:3      | Killed Natasha
  1737 | D:3      | Reached XP level 5. HP: 27/34 MP: 5/5
  1775 | D:3      | Noticed Natasha
  1786 | D:3      | Killed Natasha
  2086 | D:3      | Found a blossoming altar of Fedhas.
  2123 | D:3      | Noticed Natasha
  2139 | D:3      | Killed Natasha
  2154 | D:3      | Found a deep blue altar of Sif Muna.
  2306 | D:4      | Reached skill level 5 in Maces & Flails
  3002 | D:4      | You fall through a shaft!
  3002 | D:5      | Entered Level 5 of the Dungeon
  3180 | D:5      | Found Weucewk's Whimsical Warehouse.
  3183 | D:5      | Noticed a sky beast
  3231 | D:5      | Killed a sky beast
  3231 | D:5      | Reached skill level 5 in Fighting
  3231 | D:5      | Reached XP level 6. HP: 35/40 MP: 6/6
  3239 | D:5      | Gained mutation: You tend to lose your temper in combat. [mutagenic meat]
  3283 | D:5      | Noticed a phantom
  3343 | D:5      | Killed a phantom
  3343 | D:5      | Reached skill level 6 in Maces & Flails
  3494 | D:5      | Reached XP level 7. HP: 23/44 MP: 7/7
  3683 | D:5      | Found an opulent altar of Gozag.
  3726 | D:5      | Noticed Blork the orc
  3746 | D:5      | Killed Blork the orc
  3746 | D:5      | Reached skill level 7 in Maces & Flails
  3796 | D:5      | Found a staircase to the Ecumenical Temple.
  4220 | D:5      | Found an iron altar of Okawaru.
  4413 | D:6      | Reached skill level 8 in Maces & Flails
  4413 | D:6      | Reached XP level 8. HP: 30/52 MP: 8/8
  4600 | D:6      | Found Nuniquoxirch's Distillery.
  4614 | D:6      | Bought a potion of curing for 36 gold pieces
  4614 | D:6      | Bought a potion of haste for 120 gold pieces
  5137 | D:7      | Acquired Trog's third power
  5254 | D:7      | Reached skill level 9 in Maces & Flails
  5598 | D:7      | HP: 1/54 [orc priest/divine providence (12)]
  5676 | D:7      | Reached XP level 9. HP: 30/58 MP: 9/9
  5989 | D:7      | Reached skill level 10 in Maces & Flails
  6252 | D:8      | Noticed Prince Ribbit
  6366 | D:8      | Found a burning altar of Makhleb.
  6367 | D:8      | Found a radiant altar of Vehumet.
  6549 | D:8      | Reached skill level 11 in Maces & Flails
  6600 | D:8      | Noticed Erolcha
  6705 | D:9      | Found a shattered altar of Ashenzari.
  6742 | D:9      | Noticed Psyche
  6746 | D:9      | Killed Psyche
  6768 | D:9      | Found a white marble altar of Elyvilon.
  6842 | D:9      | Found a staircase to the Lair.
  7022 | D:9      | Reached XP level 10. HP: 64/66 MP: 10/10
  7564 | D:10     | Entered Level 10 of the Dungeon
  7613 | Lair:1   | Entered Level 1 of the Lair of Beasts
  7658 | Lair:1   | Reached skill level 12 in Maces & Flails
  8244 | Lair:1   | Reached skill level 10 in Fighting
  8631 | Lair:2   | Reached skill level 13 in Maces & Flails
  8853 | Lair:2   | HP: 5/102 [blink frog (5)]
  8854 | Lair:2   | Reached XP level 11. HP: 5/73 MP: 11/11
  8857 | Lair:2   | HP: 1/109 [blink frog (7)]
  8858 | Lair:2   | Mangled by a blink frog

Vault maps used:
D:1:      scummos_arrival_checkerplants
D:2:      tso_oasis_becter, nicolae_overflow_crystal_walls, ecumenical_altar_2,
          first_bread, uniq_crazy_yiuf_cottage
D:3:      nicolae_ru_awakened_eye, fedhas_altar_3, tgw_sif, roderic_lattice_a,
          dk_noncrumbling_3, uniq_natasha
D:4:      minmay_misc_feat_x
D:5:      overflow_temple_1_default, lemuel_coloured_pillars_altar,
          minmay_temple_entry_poolview, nicolae_alphabet_shops,
          uniq_blork_the_orc
D:6:      serial_shops, shop
D:8:      grunt_temple_overflow_lords_of_destruction, abandoned_shop,
          uniq_prince_ribbit1, uniq_erolcha
D:9:      kennysheep_mini, nicolae_ashenzari_panopticon, lair_0_dummy,
          uniq_psyche
Lair:1:   nicolae_quartered_pool_super
Lair:2:   minivault_19, beast_lair_carwin_8, lemuel_fruit_fields

Action                   |  1- 3 |  4- 6 |  7- 9 | 10-12 || total
-------------------------+-------+-------+-------+-------++-------
Melee: Mace              |    34 |       |    52 |       ||    86
       Whip              |   146 |   201 |       |       ||   347
       Flail             |       |   117 |   468 |   238 ||   823
Invok: Berserk           |     2 |     1 |     2 |     2 ||     7
       Trog's Hand       |       |       |       |     1 ||     1
  Use: Scroll            |       |     6 |     3 |     2 ||    11
       Potion            |       |       |     2 |       ||     2
  Eat: Chunk             |     3 |     9 |    14 |     5 ||    31
       Beef jerky        |       |       |     2 |       ||     2
       Fruit             |       |       |     2 |     5 ||     7
